 Dungeon Sprint DCSS version 0.27-a0-1188-g73eefd5def (webtiles) character file.

Game seed: 12006927236878828813

4054 mhtbhm the Basher (level 10, -7/102 HPs)
             Began as a Gargoyle Fighter on May 21, 2021.
             Was the Champion of Trog.
             Mangled by a minotaur (23 damage)
             ... in the Dungeon (Sprint VII: "The Pits").
             The game lasted 00:02:23 (1336 turns).

mhtbhm the Basher (Gargoyle Fighter)                Turns: 1336, Time: 00:02:23

Health: -7/102     AC: 24    Str: 25    XL:     10   Next: 24%
Magic:  10/10      EV: 11    Int: 10    God:    Trog [******]
Gold:   0          SH: 12    Dex:  9    Spells: 9/9 levels left

rFire    . . .     SeeInvis .   a - +3 morningstar (vorpal)
rCold    . . .     Faith    .   c - +0 kite shield
rNeg     + . .     Spirit   .   b - +3 plate armour
rPois    ∞         Reflect  .   (no helmet)
rElec    +         Harm     .   q - +0 cloak
rCorr    .         Rampage  .   (no gloves)
Will     .....     NoTele   +   p - +0 pair of boots
Stlth    ..........             (no amulet)
HPRegen  0.27/turn              m - +3 ring of evasion
MPRegen  0.12/turn              n - +3 ring of strength

@: berserking (expiring), corroded, very quick
A: sickness immunity, AC +7, negative energy resistance 1, electricity
resistance, torment resistance 1, petrification resistance
a: Renounce Religion, Berserk, Trog's Hand, Brothers in Arms


You were in the Dungeon.
You worshipped Trog.
Trog was exalted by your worship.
You visited 1 branch

Inventory:

Hand Weapons
 a - a +3 vorpal morningstar (weapon)
Armour
 b - a +3 plate armour (worn)
 c - a +0 kite shield (worn)
 p - a +0 pair of boots (worn)
 q - a +0 cloak (worn)
Jewellery
 m - a +3 ring of evasion (left hand)
 n - a +3 ring of strength (right hand)
Scrolls
 j - a scroll of blinking
 l - a scroll of summoning
Potions
 d - 2 potions of might
 e - 6 potions of curing
 f - 6 potions of heal wounds
 g - 2 potions of haste
 h - 4 potions of magic
 i - 5 potions of berserk rage
 k - 2 potions of invisibility
 o - a potion of resistance


   Skills:
 + Level 10.7 Fighting
 + Level 14.7 Maces & Flails
 + Level 11.4 Armour
 + Level 4.4 Dodging
 + Level 4.1 Stealth
 + Level 11.2 Shields


You had 9 spell levels left.
You didn't know any spells.
Your spell library was empty.

Dungeon Overview and Level Annotations

Branches:
Dungeon (1/1)

Altars:
Ashenzari
Cheibriados
Dithmenos
Elyvilon
Fedhas
Gozag
Hepliaklqana
Kikubaaqudgha
Makhleb
Nemelex Xobeh
Okawaru
Qazlal
Ru
Sif Muna
Trog
Uskayaw
Vehumet
Wu Jian
Xom
Yredelemnul
Zin
The Shining One
Beogh
Jiyva
Lugonu


Innate Abilities, Weirdness & Mutations

You are immune to sickness and miasma.
Your stone body is resilient. (AC +7)
You are immune to poison.
You resist negative energy. (rN+)
You are resistant to electric shocks. (rElec)
You are resistant to unholy torment.
You are immune to petrification.


Message History

The killer bee is heavily wounded.
You block the killer bee's attack.
The killer bee stings you but does no damage.
The killer bee closely misses you. You block the minotaur's attack.
The minotaur gores you.
You bludgeon the killer bee!!
You kill the killer bee!
Trog accepts your kill. You block the killer bee's attack.
Your Stealth skill increases to level 4!
You hit the minotaur.
The minotaur is lightly wounded.
You block the killer bee's attack. The minotaur hits you!
The minotaur gores you.
You are too injured to fight recklessly!
You are too injured to fight recklessly!
You are too injured to fight recklessly!
You are too injured to fight recklessly!
You are too injured to fight recklessly!
You are too injured to fight recklessly!
You are too injured to fight recklessly!
You are too injured to fight recklessly!
You are too injured to fight recklessly!
You are too injured to fight recklessly!
You are too injured to fight recklessly!
You are too injured to fight recklessly!
You are too injured to fight recklessly!
You sock the minotaur!
The minotaur is moderately wounded.
The killer bee closely misses you. The minotaur hits you!!
* * * LOW HITPOINT WARNING * * *
The minotaur barely misses you. The killer bee closely misses you.
You closely miss the minotaur.
The minotaur is moderately wounded.
The killer bee stings you!
* * * LOW HITPOINT WARNING * * *
You bludgeon the minotaur!!
The minotaur is severely wounded.
The killer bee barely misses you. The minotaur hits you!!
You die...

#####''######
...##''################
...##..#......).......#
...##..##.....†).......
...##..####...#'######.
...##..#..#####.## .#
...##..#....##...# ..#
...##..'.....#..†#...#
#####..'.....'..@Hy$.+
#####).'.....#..y#...#
!.[##..#....##.).# ..#
..[##..#..#####÷## .#
.))##..####...#'######.
.))##..##......÷.......
.))##..#..............#
#######################


You could see a minotaur and 2 killer bees.

Vanquished Creatures
  A death yak (D)
  A shadow wraith (D)
  A deep elf zephyrmancer (D)
  A rust devil (D)
  Psyche (D)
  A flying skull (D)
  A spriggan (D)
  A shadow (D)
  A redback (D)
  A fire bat (D)
  A steam dragon (D)
  A warg (D)
  A floating eye (D)
  A swamp drake (D)
  2 ice beasts (D)
  A phantom (D)
  2 bullfrogs (D)
  A kobold brigand (D)
  2 killer bees (D)
  An orc priest (D)
  A jelly (D)
  An iron imp (D)
  2 hell rats (D)
  5 orcs (D)
  A giant cockroach (D)
  A goblin (D)
  A ball python (D)
  A bat (D)
  A frilled lizard (D)
  A giant cockroach zombie (D)
  2 quokka skeletons (D)
40 creatures vanquished.

Notes
Turn   | Place    | Note
-------+----------+-------------------------------------------
     0 | D        | mhtbhm the Gargoyle Fighter began the quest for the Orb.
     0 | D        | Reached XP level 1. HP: 14/14 MP: 1/1
    18 | D        | Found a bloodstained altar of Trog.
    18 | D        | Found a shimmering blue altar of Sif Muna.
    18 | D        | Found a viscous altar of Jiyva.
    18 | D        | Found a hazy altar of Hepliaklqana.
    18 | D        | Found an opulent altar of Gozag.
    19 | D        | Found a glowing golden altar of the Shining One.
    19 | D        | Found a glowing silver altar of Zin.
    19 | D        | Found a basalt altar of Yredelemnul.
    19 | D        | Found a shimmering altar of Xom.
    19 | D        | Found an ornate altar of the Wu Jian Council.
    19 | D        | Found a sacrificial altar of Ru.
    19 | D        | Found a stormy altar of Qazlal.
    19 | D        | Found an iron altar of Okawaru.
    19 | D        | Found a sparkling altar of Nemelex Xobeh.
    19 | D        | Found a burning altar of Makhleb.
    19 | D        | Found a blossoming altar of Fedhas.
    19 | D        | Found a white marble altar of Elyvilon.
    19 | D        | Found a shadowy altar of Dithmenos.
    19 | D        | Found a snail-covered altar of Cheibriados.
    21 | D        | Found a radiant altar of Vehumet.
    21 | D        | Found a corrupted altar of Lugonu.
    23 | D        | Became a worshipper of Trog the Wrathful
   150 | D        | Reached * piety under Trog
   216 | D        | Reached XP level 2. HP: 20/20 MP: 2/2
   216 | D        | Reached ** piety under Trog
   335 | D        | Noticed a kobold brigand
   336 | D        | Noticed a phantom
   348 | D        | Killed a phantom
   349 | D        | Reached skill level 5 in Fighting
   349 | D        | Reached skill level 5 in Maces & Flails
   349 | D        | Reached skill level 5 in Armour
   349 | D        | Reached skill level 5 in Shields
   349 | D        | Reached XP level 3. HP: 26/26 MP: 3/3
   349 | D        | Reached XP level 4. HP: 31/31 MP: 4/4
   354 | D        | Killed a kobold brigand
   355 | D        | Reached skill level 6 in Maces & Flails
   355 | D        | Reached XP level 5. HP: 36/36 MP: 5/5
   460 | D        | Reached *** piety under Trog
   464 | D        | Noticed an ice beast
   466 | D        | Noticed a flying skull
   500 | D        | Killed a flying skull
   501 | D        | Reached skill level 9 in Maces & Flails
   501 | D        | Reached skill level 1 in Dodging
   501 | D        | Reached XP level 6. HP: 42/44 MP: 6/6
   503 | D        | Killed an ice beast
   503 | D        | Reached **** piety under Trog
   504 | D        | Reached skill level 1 in Stealth
   551 | D        | Reached skill level 10 in Maces & Flails
   551 | D        | Reached XP level 7. HP: 48/48 MP: 7/7
   569 | D        | Noticed a warg
   587 | D        | Killed a warg
   587 | D        | Reached ***** piety under Trog
   667 | D        | Noticed a cane toad
   667 | D        | Noticed Psyche
   673 | D        | Reached skill level 11 in Maces & Flails
   680 | D        | Killed Psyche
   681 | D        | Reached XP level 8. HP: 55/55 MP: 8/8
   823 | D        | Found a hide-covered altar of Uskayaw.
   823 | D        | Found an ancient bone altar of Kikubaaqudgha.
   823 | D        | Found a broken altar of Ashenzari.
   855 | D        | Noticed a deep elf zephyrmancer
   855 | D        | Noticed a redback
   857 | D        | Paralysed by a floating eye for 4 turns
   867 | D        | Killed a redback
   869 | D        | Reached skill level 12 in Maces & Flails
   871 | D        | Killed a deep elf zephyrmancer
   872 | D        | Reached XP level 9. HP: 60/60 MP: 9/9
   985 | D        | Killed a shadow wraith
   985 | D        | Received a gift from Trog
   986 | D        | Reached skill level 13 in Maces & Flails
   986 | D        | Reached skill level 10 in Armour
   986 | D        | Reached skill level 10 in Shields
   988 | D        | Reached ****** piety under Trog
  1257 | D        | Noticed a death yak
  1264 | D        | Reached skill level 10 in Fighting
  1274 | D        | Killed a death yak
  1275 | D        | Reached skill level 14 in Maces & Flails
  1275 | D        | Reached XP level 10. HP: 61/68 MP: 10/10
  1284 | D        | Received a gift from Trog
  1314 | D        | Noticed a rust devil
  1314 | D        | Noticed a minotaur
  1325 | D        | Killed a rust devil
  1336 | D        | Mangled by a minotaur

Illustrated notes

Levels and vault maps discovered:
D:        pitsprint [storerooms_1, entrance_room_1, metal_vault_1, armoury_3,
          mini_pit_1, grid_room_1, main_hall_1, silver_pit, the_coven_1,
          the_vestibule_1, steel_vault_2, golden_pit, hallway_of_sentries,
          crystal_vault_3, iron_vault_5, final_vault]

Skill      XL: |  1  2  3  4  5  6  7  8  9 10 |
---------------+-------------------------------+-----
Fighting       | 4 5 6 7 8 9 10 | 10.7
Shields        | 5 6 7 8 9 10 11 | 11.2
Armour         | 5 6 7 8 9 11 | 11.4
Maces & Flails | 5 6 9 10 11 12 14 | 14.7
Dodging        | 1 3 4 |  4.4
Stealth        | 1 2 3 4 |  4.1

Action                   |  1- 3 |  4- 6 |  7- 9 | 10-12 || total
-------------------------+-------+-------+-------+-------++-------
Melee: Mace              |    22 |       |       |       ||    22
       Flail             |     9 |    37 |    72 |       ||   118
       Morningstar       |       |       |    21 |    31 ||    52
Invok: Berserk           |       |     1 |     3 |     1 ||     5
  Use: Potion            |       |     3 |       |       ||     3
 Stab: Confused          |       |       |     1 |       ||     1
Armor: Scale mail        |    15 |    17 |    17 |       ||    49
       Plate armour      |       |       |    13 |    10 ||    23
Dodge: Dodged            |     6 |    16 |    24 |    17 ||    63
Block: Kite shield       |    11 |    25 |    35 |    24 ||    95

Table legend: (Time is in decaauts)
 A = Elapsed time spent in this place.
 B = Non-inter-level travel time spent in this place.
 C = Inter-level travel time spent in this place.
 D = Time resting spent in this place.
 E = Time spent auto-exploring this place.
 F = Levels seen in this place.
 G = Mean time per level.
                   A        B        C        D        E       F      G
               +--------+--------+--------+--------+--------+-----+--------+
         Total |   1404 |   1404 |      0 |    772 |    108 |   1 | 1404.0 |
       Dungeon |   1404 |   1404 |      0 |    772 |    108 |   1 | 1404.0 |
               +--------+--------+--------+--------+--------+-----+--------+

Top non-repeatable levels by time:
       D: 1404 daAuts
